 Dungeon Crawl Stone Soup version 0.24-a0-250-g6074511 (webtiles) character file.

Game seed: 12787724382506082975

148 Borgoz the Skirmisher (level 5, -4/33 HPs)
             Began as a Kobold Fighter on Apr 14, 2019.
             Slain by Duvessa
             ... wielding a +0 rapier
              (7 damage)
             ... on level 4 of the Dungeon.
             The game lasted 00:03:10 (2923 turns).

Borgoz the Skirmisher (Kobold Fighter)              Turns: 2923, Time: 00:03:11

Health: -4/33      AC:  6    Str: 20    XL:     5   Next: 56%
Magic:  5/5        EV: 14    Int:  9    God:
Gold:   153        SH:  0    Dex: 14    Spells: 4/4 levels left

rFire    . . .     SeeInvis .   a - +0 rapier
rCold    + . .     Gourm    .   (shield restricted)
rNeg     . . .     Faith    .   p - +0 ring mail {rC+}
rPois    .         Spirit   .   (no helmet)
rElec    .         Reflect  .   (no cloak)
rCorr    .         Harm     .   j - +0 pair of gloves
MR       .....                  (no boots)
Stlth    +.........             (no amulet)
HPRegen  0.11/turn              (no ring)
MPRegen  0.09/turn              (no ring)

@: mighty
A: small, carnivore
a: no special abilities


You were on level 4 of the Dungeon.
You were completely stuffed.

You visited 1 branch of the dungeon, and saw 4 of its levels.

You collected 153 gold pieces.

Inventory:

Hand Weapons
 a - a +0 rapier (weapon)
Armour
 j - a +0 pair of gloves (worn)
 p - a +0 ring mail of cold resistance (worn)
Wands
 o - a wand of digging (7)
Scrolls
 c - 4 scrolls of remove curse {unknown}
 e - 3 scrolls of teleportation {unknown}
 g - a scroll of enchant weapon {unknown}
 h - 5 scrolls of identify {unknown}
 m - a scroll of random uselessness {unknown}
 n - a scroll of immolation {unknown}
 q - a scroll of enchant armour {unknown}
 r - a scroll of blinking {unknown}
Potions
 b - a potion of berserk rage {unknown}
 d - a potion of might
 i - 2 potions of ambrosia
 k - a potion of curing {unknown}
 l - a potion of haste {unknown}
 s - a potion of agility {unknown}
Comestibles
 f - 5 rations


   Skills:
 + Level 3.9 Fighting
 + Level 3.7 Short Blades
 * Level 3.4 Armour
 + Level 2.0 Dodging
 + Level 2.6 Stealth
   Level 2.4 Shields


You had 4 spell levels left.
You didn't know any spells.
Your spell library was empty.

Dungeon Overview and Level Annotations

Branches:
Dungeon (4/15)
 Temple: D:4-7

Altars:
Makhleb
Okawaru
Xom

Annotations:
D:4 Dowan, Duvessa


Innate Abilities, Weirdness & Mutations

You are small and have problems with some larger weapons.
You are carnivorous and can eat meat at any time.


Message History

Duvessa is heavily wounded.
Duvessa closely misses you.
Dowan gestures wildly while chanting.
Dowan blinks!
You closely miss Duvessa.
Duvessa is heavily wounded.
Duvessa closely misses you.
You hit Duvessa.
Duvessa is severely wounded.
Duvessa hits you with a +0 rapier!
* * * LOW HITPOINT WARNING * * *
Duvessa barely misses you.
You hit Duvessa.
Duvessa is severely wounded.
Duvessa hits you with a +0 rapier.
* * * LOW HITPOINT WARNING * * *
You puncture Duvessa!
Duvessa is almost dead.
Duvessa hits you with a +0 rapier!
You die...

.# .# .#..# .#..#
.#... ######.##.#
# #......##.#
#.#.#...###.###.#
#..<+...@eJ.e...#
#####...###.###(..
#...# #.)......
#...# #......##
#...# ########
#...# #...# ....#
....#


You could see Duvessa, Dowan and an ooze.

Vanquished Creatures
  A hound (D:3)
  5 adders
  An ooze (D:1)
  3 worms
  2 dart slugs (D:2)
  4 leopard geckos
  2 giant cockroaches
  8 goblins
  3 hobgoblins
  3 jackals (D:3)
  8 kobolds
  A bat (D:2)
  6 frilled lizards
  10 rats
57 creatures vanquished.

Notes
Turn   | Place    | Note
-------+----------+-------------------------------------------
     0 | D:1      | Borgoz the Kobold Fighter began the quest for the Orb.
     0 | D:1      | Reached XP level 1. HP: 14/14 MP: 1/1
   169 | D:1      | Reached XP level 2. HP: 17/19 MP: 2/2
   265 | D:1      | Reached skill level 1 in Stealth
   611 | D:2      | Reached XP level 3. HP: 20/23 MP: 3/3
   649 | D:2      | Reached skill level 1 in Dodging
   759 | D:2      | Found an iron altar of Okawaru.
   841 | D:2      | Reached XP level 4. HP: 5/28 MP: 4/4
   850 | D:2      | HP: 1/28 [poisoned by an adder]
  1980 | D:3      | Found a burning altar of Makhleb.
  1993 | D:3      | Reached XP level 5. HP: 24/33 MP: 5/5
  2813 | D:3      | Found a shimmering altar of Xom.
  2906 | D:4      | Noticed Duvessa
  2906 | D:4      | Noticed Dowan
  2923 | D:4      | Slain by Duvessa

Levels and vault maps discovered:
D:1:      dpeg_arrival_rooms_with_view, layout_basic
D:2:      layout_loops_ring, first_ration, chequers_serial_rivers_large_a,
          okawaru_trees_1
D:3:      layout_basic, lemuel_coloured_pillars_altar, minivault_27,
          makhleb_heckhound_becter
D:4:      layout_basic, nicolae_overflow_crystal_walls,
          minmay_temple_entry_statues, serial_shops, shop,
          minmay_misc_feat_tiny, grunt_ministairs_4, minmay_liquid_box,
          due_unseen_surprise, uniq_grinder, uniq_duvessa, uniq_sigmund

Skill      XL: |  1  2  3  4  5 |
---------------+----------------+-----
Stealth        | 1 2 |  2.6
Short Blades   | 3 |  3.7
Dodging        | 1 2 |  2.0
Armour         | 3 |  3.4
Fighting       | |  3.9
Shields        | |  2.4

Action                   |  1- 3 |  4- 6 || total
-------------------------+-------+-------++-------
Melee: Rapier            |   112 |   132 ||   244
  Use: Potion            |     1 |     2 ||     3
 Stab: Sleeping          |       |     3 ||     3
  Eat: Chunk             |     8 |     7 ||    15
Armor: Scale mail        |    38 |     2 ||    40
       Skin              |    27 |       ||    27
       Ring mail         |       |    26 ||    26
Dodge: Dodged            |    62 |    92 ||   154

Table legend:
 A = Non-vault XP
 B = Vault XP
 C = Vault XP percentage of total XP
 D = Non-vault monster count
 E = Vault monster count
 F = Vault count percentage of total count
                 A         B        C        D         E       F
            +---------+---------+-------+---------+---------+-------
      Total |     164 |      48 |  22.6 |      54 |       3 |   5.3
            +---------+---------+-------+---------+---------+-------
        D:1 |      20 |       5 |  20.0 |       9 |       2 |  18.2
        D:2 |      63 |       0 |   0.0 |      24 |       0 |   0.0
        D:3 |      81 |      43 |  34.7 |      21 |       1 |   4.5
            +---------+---------+-------+---------+---------+-------
